 Dungeon Crawl Stone Soup version 0.19.0-18-g426998a (webtiles) character file.

6286 lorenzova the Covert (level 10, -1/56 HPs)
             Began as a Spriggan Monk on Nov 11, 2016.
             Was an Elder of Ashenzari.
             Killed by Ozocubu's Refrigeration
             ... invoked by Fannar
              (15 damage)
             ... on level 10 of the Dungeon.
             The game lasted 00:46:15 (11072 turns).

lorenzova the Covert (Spriggan Monk)               Turns: 11072, Time: 00:46:15

Health: -1/56      AC:  2    Str:  7    XL:     10   Next: 63%
Magic:  19/19      EV: 32    Int: 13    God:    Ashenzari [****..]
Gold:   715        SH:  0    Dex: 23    Spells: 2 memorised, 18 levels left

rFire  + . .     SeeInvis +     n - +0 short sword (elec) (curse)
rCold  . . .     Gourm    .     b - +0 robe
rNeg   . . .     Faith    .     (shield restricted)
rPois  .         Spirit   .     M - +0 hat
rElec  .         Reflect  .     (no cloak)
rCorr  .         Harm     .     (gloves unavailable)
MR     +....     Clarity  +     (boots unavailable)
Stlth  ++++++....               (no amulet)
                                (no ring)
                                (no ring)

@: very quick
A: unfitting armour, antennae 1, talons 1, see invisible, agile 1, fire
resistance 1, herbivore 3, speed 3, robust 1, slow metabolism 2
a: Curse Item, Scrying, Renounce Religion


You were on level 10 of the Dungeon.
You worshipped Ashenzari.
Ashenzari was greatly pleased with you.
You were full.

You visited 1 branch of the dungeon, and saw 10 of its levels.
You also visited: Ossuary.

You collected 715 gold pieces.

Inventory:

Hand Weapons
 n - a cursed +0 short sword of electrocution (weapon)
 Q - a +1 dagger of venom
Armour
 b - a +0 robe (worn)
 M - a +0 hat (worn)
 N - the +9 armour of the Dragon King {rPois rF+ rC+ MR+}
   (You found it on level 8 of the Dungeon)

   It protects you from fire.
   It protects you from cold.
   It protects you from poison.
   It affects your resistance to hostile enchantments.
Jewellery
 d - an uncursed ring of fire
 I - an uncursed ring of fire
Wands
 i - a wand of random effects (18/48)
 p - a wand of flame (16/48)
 q - a wand of iceblast (6/15)
 t - a wand of polymorph (7/24)
 u - a wand of iceblast (5/15)
 v - a wand of polymorph (9/24)
 w - a wand of disintegration (11/24)
 K - a wand of polymorph (9/24)
 O - a wand of lightning (11/15)
 R - a wand of disintegration (8/24)
 U - a wand of acid (4/15)
 V - a wand of lightning (8/15)
Scrolls
 e - a scroll of fear
 f - 7 scrolls of teleportation
 g - 6 scrolls of recharging
 j - 3 scrolls of amnesia
 l - 3 scrolls of blinking
 m - 4 scrolls of remove curse
 o - a scroll of brand weapon
 r - 2 scrolls of magic mapping
 s - 2 scrolls of enchant weapon
 y - a scroll of holy word
 L - a scroll of immolation {unknown}
 S - a scroll of enchant armour {unknown}
 X - a scroll of fog {unknown}
Potions
 a - 4 potions of agility
 h - a potion of cure mutation
 k - 5 potions of heal wounds
 x - a potion of lignification {unknown}
 z - 2 potions of brilliance {unknown}
 A - a potion of resistance {unknown}
 B - 3 potions of ambrosia {unknown}
 C - a potion of haste {unknown}
 D - 6 potions of degeneration {unknown}
 E - a potion of flight {unknown}
 F - a potion of might
 G - 2 potions of berserk rage {unknown}
 H - a potion of magic {unknown}
 P - 2 potions of cancellation {unknown}
Books
 T - a book of Flames

   Spells                             Type                      Level
   a - Flame Tongue                   Conjuration/Fire             1
   b - Throw Flame                    Conjuration/Fire             2
   c - Conjure Flame                  Conjuration/Fire             3
   d - Inner Flame                    Hexes/Fire                   3
   e - Sticky Flame                   Conjuration/Fire             4
   f - Fireball                       Conjuration/Fire             5
 Y - An Introduction to Thaumaturgy
   (You found it on level 9 of the Dungeon)

   Spells                             Type                      Level
   a - Flame Tongue                   Conjuration/Fire             1
   b - Magic Dart                     Conjuration                  1
   c - Sandblast                      Earth                        1
   d - Animate Skeleton               Necromancy                   1
   e - Apportation                    Translocation                1
Miscellaneous
 W - a fan of gales
Comestibles
 c - 10 bread rations


   Skills:
 - Level 4.6 Fighting
 - Level 7.4(10.9) Short Blades
 * Level 13.5 Dodging
 * Level 13.8 Stealth
 * Level 5.6 Spellcasting
 + Level 1.2 Necromancy
 + Level 2.2 Translocations


You had 18 spell levels left.
You knew the following spells:

 Your Spells              Type           Power        Failure   Level  Hunger
a - Animate Skeleton      Necr           N/A          12%         1    None
b - Apportation           Tloc           #.........   10%         1    None


Dungeon Overview and Level Annotations

Branches:
Dungeon (10/15)            Temple (0/1) D:6            Lair (0/6) D:8
    Orc: D:9-12

Altars:
Ashenzari
Dithmenos
Fedhas
Hepliaklqana
Kikubaaqudgha
Makhleb
Nemelex Xobeh
Okawaru
Ru
Sif Muna
Vehumet
Xom
Yredelemnul
Zin
The Shining One

Shops:
D:5 *   D:8 %

Annotations:
D:2 Terence
D:8 Erica
D:9 Mlkhall's ghost, novice MfTm
D:10 Fannar


Innate Abilities, Weirdness & Mutations

You are very small and have problems with some larger weapons.
You are too small for most types of armour.
You have supernaturally acute eyesight. (SInv)
You are a herbivore.
You cover ground extremely quickly.
You need consume almost no food.
You have a pair of small antennae on your head.
You have sharp toenails.
You are agile. (Dex +2)
Your flesh is heat resistant. (rF+)
You are robust. (+10% HP)


Message History

The monsters around Fannar are frozen!
Your orc wizard skeleton resists.
Your orc wizard skeleton is moderately damaged.
Your orc skeleton resists.
Your orc skeleton is moderately damaged.
Your orc skeleton resists.
Your orc skeleton is heavily damaged.
Your orc priest skeleton resists.
Your orc priest skeleton is lightly damaged.
Fannar resists.
Fannar is lightly wounded.
Your orc priest skeleton hits the ice beast with a +0 club.
The ice beast hits your orc skeleton.
The ice beast freezes your orc skeleton.
Your orc skeleton resists.
Your orc skeleton hits the ice beast but does no damage. x2
Fannar casts a spell.
Fannar drains the heat from the surrounding environment!
You feel very cold.
You die...

######'###..###........######
..................♣*♣.[......
.................♣# #♣....{).
.................♣ ♣.#.....
############'###.♣# #♣.######
,,,........ZZ.....♣♣♣........
** ......eYZ.................
* .Y...##.Z.................
, .... *#..@......###.......
, .. ,, #.........# #.......
,, , ,............. ........
* #######################


You could see Fannar, an ice beast, 2 friendly orc skeletons, a friendly orc
priest skeleton and a friendly orc wizard skeleton.

Vanquished Creatures
  A hill giant (D:10)
  A hippogriff (D:10)
  A wraith (D:10)
  6 yaks (D:10)
  A human (D:9)
  A water moccasin (D:9)
  7 orc warriors
  An ice beast (D:8)
  5 sky beasts
  A black bear (D:9)
  A phantom (D:6)
  3 centaurs
  An ogre (D:9)
  2 wolves (D:8)
  A big kobold (D:7)
  7 bullfrogs
  A gnoll sergeant (D:9)
  A water moccasin zombie (D:5)
  2 wyvern skeletons
  A scorpion (D:10)
  2 howler monkeys
  A centaur zombie (Ossuary)
  5 crimson imps
  A quasit (D:8)
  A bullfrog skeleton (D:5)
  2 jellies
  2 bullfrog zombies
  7 hounds
  2 centaur skeletons
  3 orc priests
  Jessica (D:2)
  9 orc wizards
  8 worker ants
  A hound skeleton (D:9)
  4 mummies (Ossuary)
  2 worker ant zombies
  7 gnolls
  6 adders
  A shadow imp (D:8)
  An ooze (D:1)
  3 adder zombies
  2 dart slugs
  4 leopard geckos
  23 orcs
  2 ball pythons (D:2)
  A giant cockroach (D:4)
  3 gnoll zombies (Ossuary)
  10 hobgoblins
  9 jackals
  15 kobolds
  3 quokkas
  A ball python skeleton (D:5)
  2 bats (D:1)
  3 frilled lizards
  7 goblins
  3 goblin zombies (Ossuary)
  A hobgoblin zombie (Ossuary)
  A leopard gecko skeleton (D:4)
  A quokka zombie (D:6)
  10 rats
215 creatures vanquished.

Notes
Turn   | Place    | Note
-------+----------+-------------------------------------------
     0 | D:1      | lorenzova the Spriggan Monk began the quest for the Orb.
     0 | D:1      | Reached XP level 1. HP: 11/11 MP: 2/2
   332 | D:1      | Reached XP level 2. HP: 16/16 MP: 3/3
   746 | D:1      | Reached skill level 5 in Dodging
   823 | D:1      | Reached XP level 3. HP: 19/19 MP: 4/4
  1245 | D:2      | Noticed Jessica
  1255 | D:2      | Killed Jessica
  1434 | D:2      | Found a burning altar of Makhleb.
  1443 | D:2      | Noticed Terence
  1498 | D:2      | Reached skill level 5 in Stealth
  1498 | D:2      | Reached XP level 4. HP: 23/23 MP: 5/5
  1775 | D:3      | Found a shattered altar of Ashenzari.
  1798 | D:3      | Became a worshipper of Ashenzari the Shackled
  1798 | D:3      | Reached * piety under Ashenzari
  1798 | D:3      | Reached ** piety under Ashenzari
  2056 | D:3      | Found a sacrificial altar of Ru.
  2056 | D:3      | Found a radiant altar of Vehumet.
  2061 | D:3      | Found a basalt altar of Yredelemnul.
  2063 | D:3      | Found a hazy altar of Hepliaklqana.
  2064 | D:3      | Found a glowing golden altar of the Shining One.
  2111 | D:3      | Reached XP level 5. HP: 27/27 MP: 6/6
  2587 | D:4      | Noticed an ogre
  2949 | D:4      | Noticed an ogre
  3010 | D:5      | Entered Level 5 of the Dungeon
  3011 | D:5      | Noticed a phantom
  3062 | D:5      | Reached XP level 6. HP: 14/32 MP: 7/7
  3251 | D:5      | Noticed an ice beast
  3403 | D:5      | Found Orphaffa's Assorted Antiques.
  3687 | D:6      | Found a shadowy altar of Dithmenos.
  4450 | D:6      | Reached XP level 7. HP: 17/35 MP: 8/8
  4672 | D:6      | Gained mutation: You are robust. (+10% HP) [potion of mutation]
  4672 | D:6      | Gained mutation: You have sharp toenails. [potion of mutation]
  4672 | D:6      | Gained mutation: You are agile. (Dex +2) [potion of mutation]
  4673 | D:6      | Gained mutation: Your flesh is heat resistant. (rF+) [potion of beneficial mutation]
  4702 | D:6      | Found a deep blue altar of Sif Muna.
  4706 | D:6      | Found a staircase to the Ecumenical Temple.
  4710 | D:6      | Reached skill level 5 in Short Blades
  4743 | D:6      | Found a blossoming altar of Fedhas.
  4745 | D:6      | Found an ancient bone altar of Kikubaaqudgha.
  5080 | D:7      | Found a sparkling altar of Nemelex Xobeh.
  5116 | D:7      | Found a glowing silver altar of Zin.
  5216 | D:7      | Found a sand-covered staircase.
  5297 | Ossuary  | Entered an ossuary
  5521 | Ossuary  | Gained mutation: You have a pair of small antennae on your head. [potion of beneficial mutation]
  5736 | D:7      | Reached *** piety under Ashenzari
  5855 | D:7      | Reached XP level 8. HP: 44/44 MP: 9/9
  5901 | D:8      | Noticed Erica
  5906 | D:8      | Found an iron altar of Okawaru.
  6166 | D:8      | Noticed a troll
  6180 | D:8      | HP: 2/44 [acid (3)]
  6570 | D:7      | Identified the +7 trident of Vaexanlu {drain, rF+ rC+ Stlth+}
  6917 | D:7      | Reached skill level 10 in Stealth
  7101 | D:7      | Reached skill level 10 in Dodging
  7488 | D:8      | Found Vayschat's Food Shop.
  7601 | D:8      | Reached XP level 9. HP: 44/49 MP: 10/10
  7776 | D:8      | Found a staircase to the Lair.
  8600 | D:9      | Reached skill level 1 in Spellcasting
  8848 | D:9      | Noticed a hill giant
  8892 | D:9      | Found a shimmering altar of Xom.
  8945 | D:9      | Identified An Introduction to Thaumaturgy
  9047 | D:9      | Noticed Mlkhall's ghost (novice MfTm)
  9051 | D:10     | Entered Level 10 of the Dungeon
  9234 | D:10     | Reached XP level 10. HP: 34/56 MP: 15/15
  9510 | D:10     | Noticed a hill giant
  9758 | D:10     | Found a sacrificial altar of Ru.
  9772 | D:10     | Noticed a hill giant
  9779 | D:10     | Killed a hill giant
  9783 | D:10     | Learned a level 1 spell: Animate Skeleton
  9785 | D:10     | Learned a level 1 spell: Apportation
  9806 | D:10     | Noticed Fannar
 10208 | D:10     | Reached skill level 1 in Translocations
 10384 | D:10     | Reached skill level 5 in Spellcasting
 10809 | D:10     | Reached skill level 1 in Necromancy
 10810 | D:10     | Reached **** piety under Ashenzari
 11072 | D:10     | Killed from afar by Fannar

Skill      XL: |  1  2  3  4  5  6  7  8  9 10 |
---------------+-------------------------------+-----
Stealth        | 4 5 6 8 9 11 13 | 13.8
Dodging        | 5 6 8 9 10 12 13 | 13.5
Short Blades   | 4 5 6 7 |  7.4
Fighting       | 3 4 |  4.6
Spellcasting   | 3 5 |  5.6
Translocations | 2 |  2.2
Necromancy     | 1 |  1.2

Action                   |  1- 3 |  4- 6 |  7- 9 | 10-12 || total
-------------------------+-------+-------+-------+-------++-------
Melee: Short sword       |   103 |   164 |   407 |   209 ||   883
       Kick              |       |       |   108 |    76 ||   184
 Cast: Animate Skeleton  |       |       |       |     9 ||     9
Invok: Curse Item        |       |       |     1 |       ||     1
Evoke: Wand              |       |     1 |       |       ||     1
  Use: Scroll            |       |       |    14 |     2 ||    16
       Potion            |       |       |     3 |       ||     3
 Stab: Sleeping          |     5 |    16 |    22 |     4 ||    47
       Distracted        |       |     1 |     3 |     2 ||     6
  Eat: Bread ration      |       |     1 |       |       ||     1
       Fruit             |       |       |       |     8 ||     8
Armor: Robe              |     4 |     9 |     6 |     2 ||    21
Dodge: Dodged            |    88 |   130 |   256 |   140 ||   614
